 Dungeon Crawl Stone Soup version 0.25-a0-1113-g0499d652a8 (webtiles) character file.

Game seed: 17875483839985550281, levelgen mode: deterministic

136 MisterFreud the Slasher (level 5, -3/37 HPs)
             Began as an Octopode Gladiator on May 16, 2020.
             Slain by a gnoll
             ... wielding a +0 spear
              (10 damage)
             ... on level 3 of the Dungeon.
             The game lasted 00:02:08 (2095 turns).

MisterFreud the Slasher (Octopode Gladiator)        Turns: 2095, Time: 00:02:09

Health: -3/37      AC:  1    Str: 13    XL:     5   Next: 19%
Magic:  5/5        EV: 14    Int: 11    God:
Gold:   86         SH:  0    Dex: 14    Spells: 4/4 levels left

rFire    . . .     SeeInvis .   a - +0 long sword
rCold    . . .     Gourm    .   (no shield)
rNeg     . . .     Faith    .   b - +0 hat
rPois    .         Spirit   .   (no amulet)
rElec    .         Reflect  .   l - ring of teleportation (curse)
rCorr    .         Harm     .   (no ring)
MR       .....     Rnd*Tele +   (no ring)
Stlth    ++........             (no ring)
HPRegen  0.12/turn              (no ring)
MPRegen  0.09/turn              (no ring)
                                (no ring)
                                (no ring)

@: no status effects
A: almost no armour, stealthy swim, amphibious, 8 rings, constrict 8, camouflage
1, gelatinous body 1
a: no special abilities


You were on level 3 of the Dungeon.
You were not hungry.

You visited 1 branch of the dungeon, and saw 3 of its levels.

You collected 86 gold pieces.

Inventory:

Hand Weapons
 a - a +0 long sword (weapon)
Missiles
 c - 4 throwing nets (quivered)
Armour
 b - a +0 hat (worn)
Jewellery
 l - a cursed ring of teleportation (left tentacle)
Scrolls
 e - a scroll of remove curse {unknown}
 i - 2 scrolls of identify
 m - a scroll of teleportation {unknown}
 p - a scroll of noise {unknown}
Potions
 f - a potion of degeneration {unknown}
 g - a potion of flight {unknown}
 h - 2 potions of cancellation
 k - a potion of brilliance {unknown}
 n - a potion of might {unknown}
 o - a potion of haste {unknown}
Comestibles
 d - 5 rations
 j - 2 chunks of flesh


   Skills:
 - Level 4.0 Fighting
 + Level 4.5 Long Blades
 - Level 2.0 Throwing
 - Level 3.0 Dodging


You had 4 spell levels left.
You didn't know any spells.
Your spell library was empty.

Dungeon Overview and Level Annotations

Branches:
Dungeon (3/15)

Altars:

Annotations:
D:3 Ijyb, Sigmund


Innate Abilities, Weirdness & Mutations

You cannot wear most types of armour.
You are very stealthy in the water. (Stealth+)
You are amphibious.
You can wear up to eight rings at the same time.
You can use your tentacles to constrict eight enemies at once.
Your skin changes colour to match your surroundings (Stealth+).
Your rubbery body absorbs attacks. (AC +1, EV +1)


Message History

You hit the gnoll. Your grab misses the gnoll.
The gnoll is heavily wounded.
The gnoll misses you. The gnoll closely misses you.
You hit the gnoll but do no damage. You grab the gnoll.
The gnoll is heavily wounded.
You constrict the gnoll, but do no damage.
The gnoll closely misses you. The gnoll hits you but does no damage.
You slash the gnoll!
You kill the gnoll!
The gnoll closely misses you.
The gnoll hits you from afar with a +0 spear.
Ijyb zaps a wand.
The puff of flame misses you.
There is a stone staircase leading up here.
The gnoll completely misses you. The gnoll barely misses you.
The gnoll closely misses you.
Ijyb zaps a wand.
The puff of flame hits you!
* * * LOW HITPOINT WARNING * * *
The gnoll hits you from afar with a +0 spear!
You die...

#... S." ##....... #..#
).##......... #..#
##....##...... # ####..#
##.. ..# ##.....
..##.....###..# #.####....(
.......))..g)####.##...#...
...........##.............#
...........S..####...#####.
..........@ggg....##.#####.
...........######..........
....!......# #..........
...####+#### #.รท(.......
... #.........# ..
#.......... #.........#
......#.###.### #######.#
...


You could see Ijyb, 2 gnolls, an adder and a hobgoblin.

Vanquished Creatures
  A bullfrog zombie (D:3)
  Jessica (D:3)
  An adder (D:2)
  A gnoll (D:3)
  An ooze (D:2)
  3 worms
  A dart slug (D:1)
  2 leopard geckos (D:1)
  3 bats (D:3)
  A giant cockroach (D:1)
  2 goblins
  6 hobgoblins
  6 jackals
  A quokka (D:3)
  4 frilled lizards
  6 kobolds
  5 rats
45 creatures vanquished.

Notes
Turn   | Place    | Note
-------+----------+-------------------------------------------
     0 | D:1      | MisterFreud the Octopode Gladiator began the quest for the
                  | Orb.
     0 | D:1      | Reached XP level 1. HP: 14/14 MP: 1/1
   146 | D:1      | Reached XP level 2. HP: 20/20 MP: 2/2
  1157 | D:2      | Reached XP level 3. HP: 21/26 MP: 3/3
  1632 | D:3      | Reached XP level 4. HP: 24/33 MP: 4/4
  1860 | D:3      | Noticed Jessica
  1864 | D:3      | Killed Jessica
  1864 | D:3      | Reached XP level 5. HP: 36/37 MP: 5/5
  2060 | D:3      | Noticed Sigmund
  2064 | D:3      | Noticed Ijyb
  2095 | D:3      | Slain by a gnoll

Illustrated notes

Levels and vault maps discovered:
D:1:      dpeg_arrival_shrine, layout_loops_ring
D:2:      layout_loops_ring, first_ration
D:3:      layout_rooms, kennysheep_generic_room_10, uniq_natasha, uniq_ijyb,
          uniq_sigmund, uniq_jessica

Skill      XL: |  1  2  3  4 |
---------------+-------------+-----
Fighting       | 3 4 |  4.0
Long Blades    | 4 |  4.5
Throwing       | |  2.0
Dodging        | |  3.0

Action                   |  1- 3 |  4- 6 || total
-------------------------+-------+-------++-------
Melee: Long sword        |    47 |    35 ||    82
       Tentacles         |    16 |     8 ||    24
       Constrict         |    14 |     9 ||    23
  Use: Scroll            |       |     1 ||     1
 Stab: Sleeping          |     5 |     4 ||     9
  Eat: Chunk             |     2 |     2 ||     4
Armor: Skin              |     4 |     5 ||     9
Dodge: Dodged            |    35 |    32 ||    67
       Rpst.: Long sword |     9 |     8 ||    17

Table legend:
 A = Non-vault XP
 B = Vault XP
 C = Vault XP percentage of total XP
 D = Non-vault monster count
 E = Vault monster count
 F = Vault count percentage of total count
                 A         B        C        D         E       F
            +---------+---------+-------+---------+---------+-------
      Total |     158 |      37 |  19.0 |      44 |       1 |   2.2
            +---------+---------+-------+---------+---------+-------
        D:1 |      29 |       0 |   0.0 |      15 |       0 |   0.0
        D:2 |      34 |       0 |   0.0 |       9 |       0 |   0.0
        D:3 |      95 |      37 |  28.0 |      20 |       1 |   4.8
            +---------+---------+-------+---------+---------+-------
